 Dungeon Crawl Stone Soup version 0.26-a0-712-ga5a9c9c9d0 (webtiles) character file.

Game seed: 16297528540154072010

475 kae the Changer (level 7, -2/43 HPs)
             Began as an Octopode Transmuter on Nov 5, 2020.
             Was a Follower of the Shining One.
             Splashed by a jelly's acid (6 damage)
             ... on level 5 of the Dungeon.
             The game lasted 00:03:27 (5082 turns).

kae the Changer (Octopode Transmuter)               Turns: 5082, Time: 00:03:27

Health: -2/43      AC:  1    Str: 11    XL:     7   Next: 10%
Magic:  10/10      EV: 13    Int: 15    God:    the Shining One [*.....]
Gold:   124        SH:  5    Dex: 13    Spells: 6/10 levels left

rFire    . . .     SeeInvis .     - Unarmed
rCold    . . .     Faith    .   (no shield)
rNeg     . . .     Spirit   .   (helmet currently unavailable)
rPois    .         Reflect  +   k - amulet of reflection
rElec    .         Harm     .   (no ring)
rCorr    .         Rampage  .   (no ring)
MR       .....                  (no ring)
Stlth    +.........             (no ring)
HPRegen  0.14/turn              (no ring)
MPRegen  0.12/turn              (no ring)
                                (no ring)
                                (no ring)

@: lethally poisoned (-2 -> -14), appendages, glowing
A: almost no armour, stealthy swim, amphibious, 8 rings, constrict 8, tentacle
spike 3, camouflage 1, gelatinous body 1
a: End Transformation, Renounce Religion


You were on level 5 of the Dungeon.
You worshipped the Shining One.
The Shining One was aware of your devotion.
One of your tentacles had a temporary spike.
You visited 2 branches of the dungeon, and saw 6 of its levels.

You collected 256 gold pieces.
You spent 110 gold pieces at shops.
You donated 22 gold pieces to Zin.

Inventory:

Jewellery
 k - an amulet of reflection (around mantle)
Scrolls
 d - 2 scrolls of enchant armour {unknown}
 e - 6 scrolls of teleportation {unknown}
 h - 7 scrolls of identify {unknown}
 i - 2 scrolls of magic mapping {unknown}
 m - a scroll of fog {unknown}
 o - a scroll of enchant weapon {unknown}
 p - 3 scrolls of amnesia {unknown}
 q - a scroll of immolation {unknown}
 t - a scroll of blinking {unknown}
Potions
 b - 2 potions of curing
 c - 4 potions of heal wounds
 f - a potion of mutation {unknown}
 g - a potion of lignification {unknown}
 j - a potion of haste {unknown}
 l - 2 potions of berserk rage {unknown}
 n - a potion of ambrosia {unknown}
 r - a potion of might {unknown}
 s - a potion of stabbing {unknown}


   Skills:
 - Level 1.0 Fighting
 - Level 2.0 Dodging
 + Level 4.8 Unarmed Combat
 - Level 2.0 Spellcasting
 * Level 5.8 Transmutations
 - Level 3.0 Poison Magic


You had 6 spell levels left.
You knew the following spells:

 Your Spells              Type           Power        Failure   Level
a - Beastly Appendage     Tmut           ###...       1%          1
b - Spider Form           Tmut/Pois      ##........   11%         3

Your spell library contained the following spells:

 Spells                   Type           Power        Failure   Level
 Wereblood                Tmut           ###.....     3%          2
 Blade Hands              Tmut           ###.......   50%         5
 Ice Form                 Ice/Tmut       ##......     56%         4


Dungeon Overview and Level Annotations

Branches:
Dungeon (5/15)             Temple (1/1) D:4

Altars:
Ashenzari
Cheibriados
Dithmenos
Elyvilon
Fedhas
Hepliaklqana
Makhleb
Nemelex Xobeh
Okawaru
Trog
Uskayaw
Vehumet
Wu Jian
Xom
Yredelemnul
Zin
The Shining One

Shops:
D:4 *


Innate Abilities, Weirdness & Mutations

You cannot wear most types of armour.
You are very stealthy in the water. (Stealth+)
You are amphibious.
You can wear up to eight rings at the same time.
You can use your tentacles to constrict eight enemies at once.
Your skin changes colour to match your surroundings (Stealth+).
Your rubbery body absorbs attacks. (AC +1, EV +1)
One of your tentacles bears a large vicious spike.


Message History

The scorpion is moderately wounded.
You constrict the scorpion.
The centaur wields a cursed -3 shortbow.
The centaur shoots an arrow.
The arrow closely misses you. The scorpion stings you!
You are more poisoned.
The scorpion poisons you! The jelly hits you.
You are splashed with acid!
* * * LOW HITPOINT WARNING * * *
You block the worker ant's attack.
You tentacle-slap the scorpion.
The scorpion is heavily wounded.
You constrict the scorpion.
* * * LOW HITPOINT WARNING * * *
You feel sick.
A frilled lizard comes into view.
You block the scorpion's attack. The worker ant closely misses you.
The jelly hits you.
* * * LOW HITPOINT WARNING * * *
You are splashed with acid.
You die...

#.......#
##....... .
........ ..
...... .
..#.#.... .
........#.# ..$
##### ##.<#.....
...#..#.s........
##.#...@##...####
...#..JB.....#
####.........#
.....#....##.#
##.....#... ...
#..... #..###.
... ..: ..c
.(..... #..l


You could see a centaur, a scorpion, a jelly, a worker ant and a frilled lizard
(wandering).

Vanquished Creatures
  An ogre (D:4)
  A bullfrog (D:4)
  A bullfrog zombie (D:4)
  3 orc wizards (D:4)
  A bullfrog skeleton (D:4)
  A worker ant (D:4)
  A hound skeleton (D:4)
  A worker ant zombie (D:4)
  3 adders
  3 gnolls (D:3)
  2 adder zombies (D:4)
  A worm (D:2)
  A dart slug (D:1)
  5 leopard geckos
  6 orcs (D:4)
  6 bats
  5 giant cockroaches
  9 goblins
  A hobgoblin (D:2)
  4 kobolds
  A quokka (D:4)
  A ball python (D:2)
  3 frilled lizards
  A jackal zombie (D:4)
  2 leopard gecko skeletons (D:4)
  12 rats
76 creatures vanquished.

Vanquished Creatures (others)
  4 toadstools (D:1)
4 creatures vanquished.

Grand Total: 80 creatures vanquished

Notes
Turn   | Place    | Note
-------+----------+-------------------------------------------
     0 | D:1      | kae the Octopode Transmuter began the quest for the Orb.
     0 | D:1      | Reached XP level 1. HP: 13/13 MP: 3/3
   311 | D:1      | Reached XP level 2. HP: 14/18 MP: 5/5
  1265 | D:2      | Reached skill level 3 in Transmutations
  1277 | D:2      | Reached XP level 3. HP: 19/23 MP: 6/6
  1282 | D:2      | Learned a level 3 spell: Spider Form
  1687 | D:2      | Found a broken altar of Ashenzari.
  1779 | D:2      | Reached skill level 1 in Poison Magic
  2647 | D:3      | Reached XP level 4. HP: 8/28 MP: 7/7
  3376 | D:4      | Noticed an ogre
  3619 | D:4      | Found a staircase to the Ecumenical Temple.
  3619 | D:4      | Noticed a bullfrog
  3627 | D:4      | Killed a bullfrog
  3627 | D:4      | Reached skill level 4 in Transmutations
  3627 | D:4      | Reached XP level 5. HP: 23/33 MP: 3/8
  3751 | Temple   | Entered the Ecumenical Temple
  4020 | Temple   | Became a worshipper of Zin the Law-Giver
  4020 | Temple   | Reached * piety under Zin
  4054 | Temple   | Fell from the grace of Zin
  4054 | Temple   | Became a worshipper of the Shining One
  4299 | D:4      | Reached XP level 6. HP: 38/38 MP: 7/9
  4398 | D:4      | Reached skill level 5 in Transmutations
  4698 | D:4      | Reached XP level 7. HP: 43/43 MP: 8/10
  4812 | D:4      | Found Maguczi's General Store.
  4837 | D:4      | Bought 2 potions of heal wounds for 110 gold pieces
  4893 | D:4      | Reached * piety under the Shining One
  5072 | D:5      | Entered Level 5 of the Dungeon
  5082 | D:5      | Splashed by a jelly's acid

Illustrated notes

Levels and vault maps discovered:
D:1:      ldierk_water_garden, layout_basic
D:2:      minmay_inner_zag, layout_loops_ring, ashenzari_altar_1
D:3:      layout_rooms
D:4:      layout_rooms, minmay_temple_entry_trees, serial_undead,
          serial_undead_d, serial_undead_a, serial_undead_f, serial_undead_d,
          minmay_statues_item, hangedman_feature_mirror, kennysheep_small_square
D:5:      lemuel_ice_spiral_2, layout_rooms, kennysheep_generic_room_4
Temple:   regret_index_temple_sphere_string

Skill      XL: |  1  2  3  4  5  6 |
---------------+-------------------+-----
Transmutations | 3 4 5 |  5.8
Poison Magic   | 1 2 3 |  3.0
Unarmed Combat | 4 |  4.8
Fighting       | |  1.0
Dodging        | |  2.0
Spellcasting   | |  2.0

Action                   |  1- 3 |  4- 6 |  7- 9 || total
-------------------------+-------+-------+-------++-------
Melee: Unarmed           |    90 |    80 |    26 ||   196
       Constrict         |    24 |    14 |     6 ||    44
       Tentacles         |    10 |     8 |     5 ||    23
       Kick              |    12 |     7 |     4 ||    23
       Punch             |       |     2 |     1 ||     3
 Cast: Beastly Appendage |    22 |    10 |     5 ||    37
       Spider Form       |       |     3 |       ||     3
  Use: Potion            |       |     2 |       ||     2
 Stab: Sleeping          |     6 |       |       ||     6
Armor: Skin              |     6 |     6 |     2 ||    14
Dodge: Dodged            |    57 |    59 |    16 ||   132
Block: Other             |       |       |     4 ||     4

Table legend: (Time is in decaauts)
 A = Elapsed time spent in this place.
 B = Non-inter-level travel time spent in this place.
 C = Inter-level travel time spent in this place.
 D = Time resting spent in this place.
 E = Time spent auto-exploring this place.
 F = Levels seen in this place.
 G = Mean time per level.
                   A        B        C        D        E       F      G
               +--------+--------+--------+--------+--------+-----+--------+
         Total |   5072 |   4730 |    342 |    691 |   3479 |   6 |  845.3 |
       Dungeon |   4838 |   4560 |    278 |    691 |   3324 |   5 |  967.6 |
        Temple |    234 |    170 |     64 |      0 |    155 |   1 |  234.0 |
               +--------+--------+--------+--------+--------+-----+--------+

Top non-repeatable levels by time:
     D:2: 1368 daAuts
     D:1: 1230 daAuts
     D:4: 1119 daAuts
     D:3: 1110 daAuts
  Temple: 234 daAuts
     D:5: 9 daAuts
